[ AOE2 MATCH · #472414099 ]
UnrankedMalay vs Dravidians
[ REPLAY ANALYSIS · EXTRACTED FROM THE RECORDED GAME ]
Feudal
11:08
Castle
20:22
Imperial
33:00
| APM avg | 60.3 |
| APM peak | 129 |
| eAPM avg | 35.5 |
| Villagers / military | 181 / 963 |
Focus
⚔️ 47.2% · 🌾 52.8%
Militia ×345 · Skirmisher ×246 · Karambit Warrior ×178 · Archer ×74 · Spearman ×72 · Trade Cart ×21
Feudal
11:35
Castle
24:32
Imperial
38:26
| APM avg | 46.3 |
| APM peak | 80 |
| eAPM avg | 28.4 |
| Villagers / military | 200 / 687 |
Focus
⚔️ 52.3% · 🌾 47.7%
Skirmisher ×576 · Armored Elephant ×35 · Hand Cannoneer ×31 · Urumi Swordsman ×26 · Unknown (2626) ×25 · Trade Cart ×19
Feudal
13:12
Castle
17:05
Imperial
35:32
| APM avg | 49.4 |
| APM peak | 107 |
| eAPM avg | 29.0 |
| Villagers / military | 226 / 368 |
Focus
⚔️ 33.7% · 🌾 66.3%
Hand Cannoneer ×242 · Skirmisher ×62 · Fishing Ship ×62 · Bombard Cannon ×33 · Trade Cart ×22 · Hussite Wagon ×18
Feudal
13:01
Castle
23:36
Imperial
36:55
| APM avg | 44.9 |
| APM peak | 80 |
| eAPM avg | 31.2 |
| Villagers / military | 494 / 1080 |
Focus
⚔️ 35.6% · 🌾 64.4%
Skirmisher ×713 · Hand Cannoneer ×191 · Coustillier ×78 · Trade Cart ×53 · Knight ×41 · Bombard Cannon ×31
Feudal
14:57
Castle
18:52
Imperial
35:29
| APM avg | 24.3 |
| APM peak | 92 |
| eAPM avg | 12.3 |
| Villagers / military | 158 / 41 |
Focus
⚔️ 41.0% · 🌾 59.0%
Janissary ×16 · Bombard Cannon ×13 · Galley ×6 · Fishing Ship ×6 · Cavalry Archer ×4 · Mangonel ×1
Feudal
13:31
Castle
17:18
Imperial
35:41
| APM avg | 37.4 |
| APM peak | 102 |
| eAPM avg | 22.2 |
| Villagers / military | 290 / 192 |
Focus
⚔️ 31.4% · 🌾 68.6%
Skirmisher ×85 · Archer ×70 · Longbowman ×28 · Trade Cart ×24 · Fishing Ship ×13 · Trebuchet (Packed) ×9
Feudal
12:37
Castle
18:05
Imperial
39:14
| APM avg | 51.6 |
| APM peak | 96 |
| eAPM avg | 30.5 |
| Villagers / military | 177 / 820 |
Focus
⚔️ 60.8% · 🌾 39.2%
Eagle Scout ×595 · Plumed Archer ×168 · Unknown (2626) ×32 · Battering Ram ×24 · Fishing Ship ×19 · Trebuchet (Packed) ×16
Feudal
12:26
Castle
22:55
Imperial
58:15
| APM avg | 29.8 |
| APM peak | 70 |
| eAPM avg | 19.0 |
| Villagers / military | 296 / 394 |
Focus
⚔️ 33.1% · 🌾 66.9%
Militia ×313 · Spearman ×45 · Unknown (2626) ×34 · Trade Cart ×26 · Fishing Ship ×26 · Huskarl ×18
Match map
Initial resources + every placement click. Lines = walls · curves = elevation contours. ◆ gold · ⬟ stone · ● berries · ✦ relic · ◌ wall gap
Your base· Open — unwalled flank
hK | AnubiS's base· Open — unwalled flank
[Stomp] Snakad's base· Open — unwalled flank
eloysuarez93's base· Open — 6t gap
Jero Ponce III's base· Open — 4t gap
BehCoY's base· Open — 9t gap
团团团子's base· Open — 12t gap
scorpion145's base· Open — 9t gap
Smoothed initial terrain · ◌ = detected wall gap · hover for details
Inputs per minute
— MoJRiM - - hK | AnubiS
Build order — MoJRiM
First 150 of 1060 actions detected
| 0:21 | Build | Town Center |
| 0:41 | Build | Dock |
| 0:44 | Build | House |
| 2:37 | Create | Villager (Male) |
| 2:37 | Create | Villager (Male) |
| 2:37 | Create | Villager (Male) |
| 2:37 | Create | Villager (Male) |
| 3:39 | Create | Fishing Ship |
| 3:45 | Create | Villager (Male) |
| 4:22 | Build | House |
| 4:41 | Create | Villager (Male) |
| 5:00 | Create | Villager (Male) |
| 5:23 | Create | Fishing Ship |
| 5:26 | Create | Villager (Male) |
| 5:43 | Build | House |
| 5:52 | Create | Villager (Male) |
| 6:12 | Create | Fishing Ship |
| 6:14 | Create | Villager (Male) |
| 6:39 | Create | Villager (Male) |
| 6:47 | Create | Fishing Ship |
| 7:10 | Create | Villager (Male) |
| 7:14 | Build | House |
| 7:31 | Create | Villager (Male) |
| 7:36 | Create | Fishing Ship |
| 7:42 | Create | Fishing Ship |
| 7:44 | Create | Villager (Male) |
| 7:46 | Build | House |
| 8:19 | Create | Villager (Male) |
| 8:24 | Create | Fishing Ship |
| 8:45 | Create | Villager (Male) |
| 9:00 | Build | Lumber Camp |
| 9:15 | Create | Villager (Male) |
| 9:17 | Create | Fishing Ship |
| 9:50 | Research | Feudal Age |
| 9:58 | Build | House |
| 10:17 | Build | Mining Camp |
| 10:49 | Build | Palisade Wall |
| 10:51 | Build | House |
| 10:52 | Build | House |
| 10:55 | Build | Palisade Wall |
| 11:06 | Create | Villager (Male) |
| 11:08 | Age | Feudal Age |
| 11:08 | Research | Double-Bit Axe |
| 11:09 | Create | Galley |
| 11:12 | Create | Fire Galley |
| 11:23 | Create | Villager (Male) |
| 11:24 | Create | Villager (Male) |
| 11:34 | Build | Dock |
| 11:51 | Create | Villager (Male) |
| 11:54 | Build | Mill |
| 11:58 | Create | Fire Galley |
| 12:09 | Create | Fire Galley |
| 12:29 | Create | Fire Galley |
| 12:31 | Create | Villager (Male) |
| 12:47 | Build | Mill |
| 12:50 | Create | Villager (Male) |
| 12:57 | Create | Fire Galley |
| 13:06 | Create | Villager (Male) |
| 13:10 | Create | Unit 2626 |
| 13:19 | Build | Palisade Wall |
| 13:20 | Build | Palisade Wall |
| 13:24 | Create | Villager (Male) |
| 13:25 | Create | Unit 2626 |
| 13:49 | Build | Dock |
| 13:51 | Create | Villager (Male) |
| 14:00 | Create | Unit 2626 |
| 14:40 | Create | Villager (Male) |
| 14:54 | Create | Villager (Male) |
| 14:58 | Create | Unit 2626 |
| 14:59 | Create | Unit 2626 |
| 15:00 | Create | Villager (Male) |
| 15:21 | Build | House |
| 15:25 | Research | Loom |
| 15:41 | Create | Villager (Male) |
| 15:42 | Create | Galley |
| 15:42 | Create | Galley |
| 15:43 | Create | Villager (Male) |
| 15:47 | Build | Blacksmith |
| 16:43 | Create | Galley |
| 16:44 | Create | Galley |
| 16:45 | Create | Villager (Male) |
| 16:49 | Build | Market |
| 16:52 | Build | House |
| 16:55 | Build | House |
| 16:56 | Build | House |
| 17:07 | Create | Galley |
| 17:13 | Build | House |
| 17:13 | Build | House |
| 17:33 | Create | Villager (Male) |
| 17:46 | Create | Galley |
| 17:47 | Create | Villager (Male) |
| 17:48 | Create | Galley |
| 18:05 | Create | Galley |
| 18:46 | Research | Castle Age |
| 19:46 | Create | Unit 2626 |
| 19:46 | Create | Unit 2626 |
| 19:46 | Create | Unit 2626 |
| 20:22 | Age | Castle Age |
| 20:26 | Research | War Galley (upgrade) |
| 20:26 | Research | War Galley (upgrade) |
| 20:43 | Create | Villager (Male) |
| 20:43 | Create | Villager (Male) |
| 20:50 | Research | Horse Collar |
| 20:52 | Build | Farm |
| 20:52 | Build | Farm |
| 20:54 | Build | Farm |
| 20:55 | Build | Farm |
| 20:57 | Build | Farm |
| 20:59 | Build | Farm |
| 20:59 | Build | Farm |
| 21:12 | Create | Unit 2626 |
| 21:12 | Create | Unit 2626 |
| 21:12 | Create | Unit 2626 |
| 21:33 | Create | Villager (Male) |
| 21:54 | Create | Villager (Male) |
| 21:55 | Build | Farm |
| 21:56 | Build | Lumber Camp |
| 22:26 | Create | Villager (Male) |
| 22:37 | Build | Town Center |
| 22:50 | Create | Villager (Male) |
| 22:55 | Build | Farm |
| 22:56 | Build | Farm |
| 23:10 | Create | Villager (Male) |
| 23:12 | Create | Villager (Male) |
| 23:31 | Research | Bow Saw |
| 23:31 | Research | Bow Saw |
| 23:32 | Create | Villager (Male) |
| 23:42 | Create | Villager (Male) |
| 23:55 | Research | Tech 906 |
| 24:00 | Build | Farm |
| 24:03 | Build | Farm |
| 24:16 | Create | Villager (Male) |
| 24:18 | Create | Villager (Male) |
| 24:18 | Create | Villager (Male) |
| 24:25 | Build | Town Center |
| 24:33 | Create | Fire Galley |
| 24:38 | Create | Villager (Male) |
| 24:45 | Create | Villager (Male) |
| 25:04 | Create | Villager (Male) |
| 25:09 | Build | Outpost |
| 25:11 | Research | Town Watch |
| 25:16 | Research | Heavy Plow |
| 25:16 | Research | Heavy Plow |
| 25:33 | Create | Villager (Male) |
| 25:40 | Research | Gold Mining |
| 25:44 | Build | Farm |
| 25:45 | Build | Farm |
| 25:50 | Build | Farm |
| 25:55 | Build | Farm |
| 25:59 | Build | Farm |
Build order — hK | AnubiS
First 150 of 1187 actions detected
| 0:10 | Build | Town Center |
| 0:27 | Build | Dock |
| 2:03 | Build | Palisade Wall |
| 2:04 | Build | Palisade Wall |
| 2:29 | Create | Villager (Male) |
| 2:29 | Create | Villager (Male) |
| 2:29 | Create | Villager (Male) |
| 2:29 | Create | Villager (Male) |
| 2:30 | Create | Villager (Male) |
| 3:08 | Create | Villager (Male) |
| 3:08 | Create | Villager (Male) |
| 3:13 | Create | Fishing Ship |
| 3:28 | Research | Loom |
| 3:56 | Build | House |
| 4:17 | Build | Palisade Wall |
| 4:26 | Build | House |
| 4:47 | Create | Fishing Ship |
| 5:05 | Create | Villager (Male) |
| 5:05 | Create | Villager (Male) |
| 5:25 | Create | Villager (Male) |
| 5:25 | Create | Villager (Male) |
| 5:38 | Create | Fishing Ship |
| 5:38 | Create | Fishing Ship |
| 5:42 | Create | Villager (Male) |
| 6:02 | Build | House |
| 6:17 | Create | Villager (Male) |
| 6:18 | Create | Villager (Male) |
| 6:38 | Build | House |
| 6:40 | Create | Villager (Male) |
| 7:29 | Create | Villager (Male) |
| 7:30 | Create | Villager (Male) |
| 8:00 | Create | Fishing Ship |
| 8:02 | Create | Villager (Male) |
| 8:38 | Create | Villager (Male) |
| 8:41 | Build | Mining Camp |
| 9:14 | Create | Villager (Male) |
| 9:25 | Research | Feudal Age |
| 10:05 | Build | House |
| 10:08 | Build | House |
| 10:15 | Build | Dock |
| 10:30 | Build | Palisade Wall |
| 10:32 | Build | Palisade Wall |
| 11:35 | Age | Feudal Age |
| 11:38 | Create | Galley |
| 11:38 | Create | Galley |
| 11:42 | Build | Blacksmith |
| 11:43 | Create | Villager (Male) |
| 12:17 | Create | Villager (Male) |
| 12:28 | Create | Galley |
| 12:28 | Create | Galley |
| 12:33 | Build | House |
| 12:38 | Research | Fletching |
| 12:47 | Create | Villager (Male) |
| 12:49 | Create | Villager (Male) |
| 13:27 | Create | Galley |
| 13:28 | Create | Galley |
| 13:29 | Create | Villager (Male) |
| 13:33 | Create | Galley |
| 13:33 | Create | Galley |
| 13:53 | Create | Unit 2626 |
| 14:10 | Create | Unit 2626 |
| 14:13 | Create | Villager (Male) |
| 14:13 | Create | Villager (Male) |
| 14:27 | Create | Villager (Male) |
| 14:36 | Build | House |
| 14:39 | Create | Fire Galley |
| 14:39 | Create | Fire Galley |
| 14:46 | Create | Unit 2626 |
| 14:59 | Build | House |
| 15:06 | Create | Unit 2626 |
| 15:28 | Create | Unit 2626 |
| 15:35 | Create | Villager (Male) |
| 15:42 | Build | Mill |
| 15:58 | Build | House |
| 16:03 | Create | Villager (Male) |
| 16:06 | Create | Unit 2626 |
| 16:07 | Create | Unit 2626 |
| 17:07 | Create | Villager (Male) |
| 17:07 | Create | Villager (Male) |
| 17:12 | Build | Market |
| 17:17 | Create | Unit 2626 |
| 17:25 | Create | Villager (Male) |
| 17:33 | Create | Villager (Male) |
| 17:41 | Create | Unit 2626 |
| 17:43 | Create | Unit 2626 |
| 17:47 | Create | Villager (Male) |
| 17:49 | Create | Villager (Male) |
| 18:01 | Create | Villager (Male) |
| 18:04 | Build | Mill |
| 18:20 | Build | House |
| 18:21 | Create | Villager (Male) |
| 18:35 | Build | Lumber Camp |
| 19:02 | Build | Outpost |
| 19:12 | Research | Horse Collar |
| 19:15 | Research | Double-Bit Axe |
| 19:21 | Build | Farm |
| 19:22 | Build | Farm |
| 19:40 | Create | Villager (Male) |
| 19:42 | Build | Farm |
| 19:45 | Build | Farm |
| 19:53 | Build | Farm |
| 20:15 | Build | Mining Camp |
| 20:31 | Build | Farm |
| 20:32 | Build | Farm |
| 20:54 | Create | Villager (Male) |
| 21:13 | Build | Farm |
| 21:19 | Build | Outpost |
| 21:24 | Build | Outpost |
| 21:26 | Build | Farm |
| 21:27 | Create | Villager (Male) |
| 21:29 | Create | Villager (Male) |
| 21:50 | Research | Castle Age |
| 21:50 | Research | Castle Age |
| 22:37 | Research | Gold Mining |
| 22:40 | Research | Stone Mining |
| 22:40 | Research | Stone Mining |
| 22:48 | Build | Outpost |
| 22:51 | Build | Outpost |
| 23:44 | Create | Villager (Male) |
| 23:47 | Build | Dock |
| 24:07 | Build | Outpost |
| 24:08 | Build | Outpost |
| 24:11 | Build | Outpost |
| 24:13 | Build | Outpost |
| 24:14 | Build | Outpost |
| 24:32 | Age | Castle Age |
| 24:40 | Build | Town Center |
| 24:43 | Create | Villager (Male) |
| 24:51 | Build | Town Center |
| 24:55 | Research | Bow Saw |
| 25:35 | Create | Villager (Male) |
| 25:35 | Create | Villager (Male) |
| 25:40 | Research | War Galley (upgrade) |
| 25:51 | Build | Dock |
| 25:59 | Create | Villager (Male) |
| 26:05 | Create | Villager (Male) |
| 26:19 | Create | Villager (Male) |
| 26:20 | Create | Villager (Male) |
| 26:25 | Create | Villager (Male) |
| 26:25 | Create | Villager (Male) |
| 26:43 | Create | Unit 2626 |
| 26:44 | Create | Unit 2626 |
| 26:44 | Create | Unit 2626 |
| 26:44 | Create | Unit 2626 |
| 26:49 | Build | House |
| 26:51 | Create | Villager (Male) |
| 26:53 | Build | Farm |
| 27:02 | Build | Farm |
| 27:07 | Build | Farm |
| 27:09 | Create | Villager (Male) |
Build order — [Stomp] Snakad
First 150 of 688 actions detected
| 0:18 | Build | Town Center |
| 0:28 | Build | Town Center |
| 1:42 | Build | Dock |
| 2:36 | Build | House |
| 3:08 | Create | Villager (Male) |
| 3:08 | Create | Villager (Male) |
| 3:08 | Create | Villager (Male) |
| 3:08 | Create | Villager (Male) |
| 4:18 | Create | Fishing Ship |
| 4:18 | Create | Fishing Ship |
| 4:22 | Create | Villager (Male) |
| 5:05 | Create | Fishing Ship |
| 5:13 | Research | Loom |
| 5:13 | Research | Loom |
| 5:22 | Build | House |
| 5:38 | Create | Villager (Male) |
| 6:15 | Create | Villager (Male) |
| 6:15 | Create | Villager (Male) |
| 6:28 | Create | Villager (Male) |
| 6:44 | Create | Fishing Ship |
| 6:56 | Build | House |
| 7:05 | Create | Villager (Male) |
| 7:10 | Create | Villager (Male) |
| 7:34 | Create | Villager (Male) |
| 7:43 | Create | Villager (Male) |
| 7:46 | Create | Fishing Ship |
| 7:53 | Create | Villager (Male) |
| 8:03 | Build | House |
| 8:14 | Create | Villager (Male) |
| 8:36 | Create | Fishing Ship |
| 8:39 | Create | Villager (Male) |
| 8:39 | Create | Villager (Male) |
| 9:16 | Build | Mill |
| 9:19 | Create | Villager (Male) |
| 9:34 | Create | Villager (Male) |
| 9:34 | Create | Villager (Male) |
| 9:37 | Create | Villager (Male) |
| 10:01 | Create | Fishing Ship |
| 10:01 | Create | Fishing Ship |
| 10:07 | Build | House |
| 10:11 | Create | Villager (Male) |
| 10:11 | Create | Villager (Male) |
| 10:23 | Create | Villager (Male) |
| 10:32 | Create | Villager (Male) |
| 10:36 | Create | Villager (Male) |
| 10:41 | Create | Fishing Ship |
| 11:02 | Research | Feudal Age |
| 11:40 | Create | Villager (Male) |
| 11:57 | Create | Fishing Ship |
| 12:58 | Create | Villager (Male) |
| 13:12 | Age | Feudal Age |
| 13:15 | Build | Market |
| 13:17 | Build | Blacksmith |
| 13:25 | Build | Lumber Camp |
| 13:51 | Create | Villager (Male) |
| 14:06 | Build | House |
| 14:25 | Research | Castle Age |
| 14:50 | Research | Double-Bit Axe |
| 14:50 | Research | Double-Bit Axe |
| 14:59 | Build | House |
| 15:43 | Build | Dock |
| 15:51 | Create | Fishing Ship |
| 15:54 | Research | Tech 906 |
| 15:55 | Create | Villager (Male) |
| 16:51 | Build | Dock |
| 16:54 | Create | Villager (Male) |
| 17:05 | Age | Castle Age |
| 17:11 | Build | Town Center |
| 17:15 | Create | Villager (Male) |
| 17:36 | Research | Bow Saw |
| 17:36 | Research | Bow Saw |
| 17:58 | Create | Villager (Male) |
| 18:05 | Create | Unit 2626 |
| 18:07 | Create | Villager (Male) |
| 18:17 | Research | Wheelbarrow |
| 18:26 | Create | Villager (Male) |
| 18:26 | Create | Villager (Male) |
| 18:26 | Create | Villager (Male) |
| 18:34 | Create | Unit 2626 |
| 18:41 | Create | Villager (Male) |
| 18:54 | Create | Villager (Male) |
| 19:03 | Research | Gillnets |
| 19:11 | Create | Villager (Male) |
| 19:15 | Create | Villager (Male) |
| 19:15 | Create | Villager (Male) |
| 19:19 | Research | War Galley (upgrade) |
| 19:32 | Research | Gillnets |
| 19:34 | Create | Unit 2626 |
| 19:53 | Build | Lumber Camp |
| 19:55 | Create | Villager (Male) |
| 19:55 | Create | Villager (Male) |
| 20:03 | Create | Villager (Male) |
| 20:07 | Create | Fishing Ship |
| 20:21 | Create | Unit 2626 |
| 20:25 | Build | House |
| 20:28 | Build | House |
| 20:35 | Create | Villager (Male) |
| 20:47 | Build | House |
| 20:49 | Build | House |
| 20:52 | Create | Fishing Ship |
| 20:53 | Create | Fishing Ship |
| 21:07 | Create | Unit 2626 |
| 21:09 | Create | Villager (Male) |
| 21:15 | Build | Lumber Camp |
| 21:19 | Build | House |
| 21:24 | Create | Unit 2626 |
| 21:43 | Create | Unit 2626 ×2 |
| 21:43 | Create | Unit 2626 ×2 |
| 21:45 | Create | Villager (Male) |
| 21:45 | Create | Villager (Male) |
| 22:02 | Create | Fire Galley ×3 |
| 22:04 | Create | Villager (Male) |
| 22:05 | Create | Villager (Male) |
| 22:07 | Build | House |
| 22:08 | Build | Farm |
| 22:12 | Build | House |
| 22:15 | Create | Villager (Male) |
| 22:19 | Build | House |
| 22:24 | Create | Unit 2626 ×3 |
| 22:26 | Create | Villager (Male) |
| 22:35 | Create | Villager (Male) |
| 22:39 | Create | Fishing Ship |
| 22:40 | Create | Fishing Ship |
| 22:40 | Create | Fishing Ship |
| 23:03 | Create | Villager (Male) |
| 23:05 | Create | Fishing Ship |
| 23:05 | Create | Fishing Ship |
| 23:06 | Create | Fishing Ship |
| 23:08 | Create | Fire Galley ×3 |
| 23:09 | Create | Villager (Male) |
| 23:11 | Create | Villager (Male) |
| 23:27 | Build | Dock |
| 23:32 | Build | Dock |
| 23:33 | Create | Villager (Male) |
| 23:36 | Build | House |
| 23:36 | Build | House |
| 23:42 | Create | Unit 2626 ×5 |
| 24:04 | Create | Villager (Male) |
| 24:04 | Create | Villager (Male) |
| 24:15 | Build | Town Center |
| 24:18 | Create | Fishing Ship |
| 24:19 | Create | Fishing Ship |
| 24:19 | Create | Fishing Ship |
| 24:40 | Build | House |
| 24:41 | Build | House |
| 25:19 | Build | Town Center |
| 25:20 | Create | Villager (Male) |
| 25:20 | Create | Villager (Male) |
| 25:21 | Create | Fishing Ship |
| 25:21 | Create | Fishing Ship |
Build order — eloysuarez93
First 150 of 1071 actions detected
| 0:10 | Build | Town Center |
| 0:29 | Build | Dock |
| 2:29 | Create | Villager (Male) |
| 2:29 | Create | Villager (Male) |
| 2:30 | Create | Villager (Male) |
| 2:30 | Create | Villager (Male) |
| 2:30 | Create | Villager (Male) |
| 3:11 | Create | Villager (Male) |
| 3:11 | Create | Villager (Male) |
| 3:18 | Create | Fishing Ship |
| 3:18 | Create | Fishing Ship |
| 3:48 | Build | House |
| 4:34 | Create | Fishing Ship |
| 4:34 | Create | Fishing Ship |
| 4:35 | Create | Villager (Male) |
| 4:35 | Create | Villager (Male) |
| 4:59 | Research | Loom |
| 4:59 | Research | Loom |
| 5:11 | Create | Fishing Ship |
| 5:23 | Build | House |
| 5:26 | Create | Villager (Male) |
| 5:26 | Create | Villager (Male) |
| 5:51 | Create | Villager (Male) |
| 5:51 | Create | Villager (Male) |
| 5:54 | Build | House |
| 6:09 | Create | Villager (Male) |
| 6:09 | Create | Villager (Male) |
| 6:28 | Create | Fishing Ship |
| 6:28 | Create | Fishing Ship |
| 6:33 | Create | Villager (Male) |
| 6:34 | Create | Villager (Male) |
| 6:36 | Create | Villager (Male) |
| 6:37 | Create | Villager (Male) |
| 6:54 | Create | Villager (Male) |
| 6:55 | Create | Villager (Male) |
| 7:08 | Create | Fishing Ship |
| 7:08 | Create | Fishing Ship |
| 7:23 | Create | Villager (Male) |
| 7:23 | Create | Villager (Male) |
| 7:50 | Create | Fishing Ship |
| 7:50 | Create | Villager (Male) |
| 7:50 | Create | Villager (Male) |
| 7:54 | Build | House |
| 7:54 | Build | House |
| 8:06 | Create | Villager (Male) |
| 8:06 | Create | Villager (Male) |
| 8:18 | Create | Villager (Male) |
| 8:19 | Create | Fishing Ship |
| 8:19 | Create | Fishing Ship |
| 8:31 | Build | House |
| 8:51 | Build | Lumber Camp |
| 8:52 | Create | Villager (Male) |
| 9:29 | Research | Double-Bit Axe |
| 9:30 | Research | Double-Bit Axe |
| 9:55 | Create | Villager (Male) |
| 10:20 | Create | Villager (Male) |
| 10:27 | Build | Dock |
| 10:38 | Research | Feudal Age |
| 10:38 | Research | Feudal Age |
| 11:00 | Build | Mining Camp |
| 11:16 | Build | House |
| 11:55 | Create | Villager (Male) |
| 11:56 | Create | Villager (Male) |
| 12:02 | Build | Mill |
| 12:28 | Build | Dock |
| 13:01 | Age | Feudal Age |
| 13:03 | Create | Fire Galley |
| 13:04 | Create | Fire Galley |
| 13:04 | Create | Fire Galley |
| 13:05 | Create | Villager (Male) |
| 13:12 | Create | Villager (Male) |
| 13:12 | Create | Villager (Male) |
| 13:19 | Build | House |
| 13:19 | Build | House |
| 13:45 | Create | Villager (Male) |
| 13:51 | Create | Fire Galley |
| 13:51 | Create | Fire Galley |
| 13:54 | Build | House |
| 14:12 | Create | Fire Galley |
| 14:12 | Create | Fire Galley |
| 14:34 | Create | Fire Galley |
| 14:35 | Create | Fire Galley |
| 14:37 | Create | Villager (Male) |
| 14:57 | Create | Fire Galley |
| 14:58 | Create | Fire Galley |
| 15:01 | Create | Villager (Male) |
| 15:09 | Create | Villager (Male) |
| 15:13 | Create | Villager (Male) |
| 15:13 | Create | Villager (Male) |
| 15:15 | Research | Bow Saw |
| 15:15 | Research | Bow Saw |
| 15:16 | Create | Villager (Male) |
| 15:16 | Create | Villager (Male) |
| 15:41 | Create | Demolition Raft |
| 15:42 | Create | Demolition Raft |
| 15:44 | Create | Villager (Male) |
| 15:51 | Build | Market |
| 15:57 | Create | Villager (Male) |
| 16:00 | Research | Horse Collar |
| 16:00 | Research | Horse Collar |
| 16:43 | Create | Fire Galley |
| 16:43 | Create | Fire Galley |
| 16:46 | Create | Villager (Male) |
| 16:50 | Build | Farm |
| 16:51 | Build | Farm |
| 16:57 | Create | Villager (Male) |
| 17:05 | Build | House |
| 17:06 | Build | House |
| 17:12 | Create | Fire Galley |
| 17:12 | Create | Fire Galley |
| 17:23 | Create | Villager (Male) |
| 17:37 | Create | Villager (Male) |
| 17:41 | Research | Heavy Plow |
| 17:41 | Research | Heavy Plow |
| 17:44 | Build | Farm |
| 18:03 | Build | Farm |
| 18:05 | Build | Farm |
| 18:06 | Build | Farm |
| 18:29 | Create | Villager (Male) |
| 18:43 | Create | Fire Galley |
| 18:43 | Create | Fire Galley |
| 18:58 | Build | Farm |
| 19:02 | Build | Mill |
| 19:38 | Create | Villager (Male) |
| 19:52 | Create | Fire Galley |
| 19:53 | Create | Fire Galley |
| 20:17 | Create | Villager (Male) |
| 20:23 | Create | Villager (Male) |
| 20:26 | Build | Blacksmith |
| 20:48 | Research | Castle Age |
| 20:48 | Research | Castle Age |
| 21:17 | Create | Villager (Male) |
| 21:18 | Create | Villager (Male) |
| 22:50 | Build | Farm |
| 22:53 | Build | Farm |
| 22:55 | Build | Farm |
| 22:57 | Build | Farm |
| 22:59 | Build | Farm |
| 23:01 | Build | Farm |
| 23:04 | Build | Farm |
| 23:36 | Age | Castle Age |
| 23:40 | Build | Town Center |
| 23:44 | Build | Town Center |
| 23:51 | Build | Town Center |
| 23:57 | Build | Town Center |
| 24:01 | Research | Two-Man Saw |
| 24:02 | Create | Villager (Male) |
| 24:06 | Create | Villager (Male) |
| 24:13 | Create | Villager (Male) |
| 24:27 | Create | Villager (Male) |
Build order — Jero Ponce III
First 150 of 368 actions detected
| 0:17 | Build | Town Center |
| 0:22 | Build | House |
| 2:34 | Create | Villager (Male) |
| 2:34 | Create | Villager (Male) |
| 2:34 | Create | Villager (Male) |
| 2:40 | Build | Dock |
| 2:43 | Create | Villager (Male) |
| 2:44 | Create | Villager (Male) |
| 3:30 | Create | Fishing Ship |
| 3:41 | Research | Loom |
| 4:36 | Create | Villager (Male) |
| 4:36 | Create | Villager (Male) |
| 4:37 | Create | Villager (Male) |
| 5:01 | Create | Villager (Male) |
| 5:01 | Create | Villager (Male) |
| 5:03 | Create | Fishing Ship |
| 5:38 | Create | Villager (Male) |
| 5:38 | Create | Villager (Male) |
| 5:38 | Create | Villager (Male) |
| 5:41 | Build | House |
| 6:08 | Create | Villager (Male) |
| 6:09 | Create | Villager (Male) |
| 6:09 | Create | Villager (Male) |
| 6:16 | Create | Fishing Ship |
| 6:37 | Create | Villager (Male) |
| 7:10 | Build | Palisade Wall |
| 7:15 | Create | Villager (Male) |
| 7:18 | Create | Fishing Ship |
| 7:24 | Create | Villager (Male) |
| 7:30 | Build | House |
| 7:49 | Create | Villager (Male) |
| 8:07 | Create | Fishing Ship |
| 8:26 | Create | Villager (Male) |
| 8:55 | Create | Fishing Ship |
| 9:02 | Create | Villager (Male) |
| 9:19 | Create | Villager (Male) |
| 9:44 | Build | House |
| 9:45 | Build | House |
| 9:58 | Create | Villager (Male) |
| 10:04 | Build | House |
| 10:12 | Build | House |
| 10:51 | Create | Villager (Male) |
| 11:00 | Build | Palisade Wall |
| 11:01 | Build | Palisade Wall |
| 11:20 | Create | Villager (Male) |
| 11:39 | Build | Palisade Wall |
| 11:53 | Create | Villager (Male) |
| 12:08 | Build | Mining Camp |
| 12:12 | Build | Palisade Wall |
| 12:14 | Build | Lumber Camp |
| 12:17 | Build | House |
| 12:22 | Create | Villager (Male) |
| 12:33 | Research | Feudal Age |
| 12:34 | Research | Feudal Age |
| 12:56 | Build | House |
| 13:03 | Build | Mining Camp |
| 13:07 | Build | Palisade Wall |
| 13:11 | Build | Palisade Wall |
| 13:18 | Build | Palisade Wall |
| 13:22 | Build | Palisade Wall |
| 13:40 | Create | Villager (Male) |
| 13:40 | Create | Villager (Male) |
| 14:23 | Build | Mill |
| 14:57 | Age | Feudal Age |
| 15:02 | Create | Villager (Male) |
| 15:09 | Build | Blacksmith |
| 15:16 | Build | Market |
| 15:50 | Build | House |
| 16:08 | Build | House |
| 16:10 | Research | Castle Age |
| 16:10 | Research | Castle Age |
| 16:11 | Research | Castle Age |
| 16:29 | Research | Double-Bit Axe |
| 16:29 | Research | Double-Bit Axe |
| 16:48 | Build | Dock |
| 16:50 | Create | Galley |
| 16:59 | Research | Tech 906 |
| 16:59 | Research | Tech 906 |
| 17:20 | Create | Villager (Male) |
| 17:42 | Create | Galley |
| 17:56 | Research | Fletching |
| 17:57 | Research | Fletching |
| 18:03 | Research | Wheelbarrow |
| 18:16 | Create | Galley |
| 18:40 | Create | Galley |
| 18:46 | Create | Villager (Male) |
| 18:51 | Build | House |
| 18:52 | Age | Castle Age |
| 19:01 | Build | House |
| 19:12 | Build | Castle |
| 19:34 | Create | Galley |
| 19:34 | Create | Galley |
| 19:36 | Create | Villager (Male) |
| 19:57 | Build | Dock |
| 20:03 | Research | Bodkin Arrow |
| 20:03 | Research | Bodkin Arrow |
| 20:05 | Create | Villager (Male) |
| 20:30 | Research | War Galley (upgrade) |
| 20:56 | Build | Town Center |
| 20:57 | Create | Villager (Male) |
| 21:10 | Create | Villager (Male) |
| 21:27 | Create | Villager (Male) |
| 21:36 | Create | Villager (Male) |
| 21:38 | Create | Janissary |
| 21:39 | Create | Janissary |
| 21:39 | Create | Janissary |
| 21:39 | Create | Janissary |
| 21:40 | Create | Janissary |
| 21:40 | Create | Janissary |
| 21:49 | Build | House |
| 21:57 | Create | Villager (Male) |
| 22:03 | Create | Janissary |
| 22:04 | Create | Villager (Male) |
| 22:33 | Create | Villager (Male) |
| 22:41 | Build | Town Center |
| 22:46 | Create | Janissary |
| 22:46 | Create | Janissary |
| 23:03 | Build | House |
| 23:09 | Create | Villager (Male) |
| 23:20 | Create | Villager (Male) |
| 23:20 | Create | Villager (Male) |
| 23:20 | Create | Villager (Male) |
| 23:27 | Build | Farm |
| 23:28 | Build | Farm |
| 23:33 | Research | Horse Collar |
| 23:33 | Research | Horse Collar |
| 23:34 | Research | Horse Collar |
| 23:37 | Build | Farm |
| 23:38 | Build | Farm |
| 23:40 | Build | Farm |
| 23:42 | Build | Farm |
| 23:46 | Build | Farm |
| 23:59 | Create | Villager (Male) |
| 24:00 | Create | Villager (Male) |
| 24:00 | Create | Villager (Male) |
| 24:00 | Create | Villager (Male) |
| 24:09 | Build | Farm |
| 24:36 | Create | Villager (Male) |
| 24:37 | Create | Villager (Male) |
| 24:55 | Build | Farm |
| 24:56 | Build | Farm |
| 25:01 | Create | Villager (Male) |
| 25:04 | Build | Farm |
| 25:05 | Build | Farm |
| 25:11 | Create | Villager (Male) |
| 25:11 | Create | Villager (Male) |
| 25:11 | Create | Villager (Male) |
| 25:11 | Create | Villager (Male) |
| 25:12 | Create | Villager (Male) |
| 25:12 | Create | Villager (Male) |
Build order — BehCoY
First 150 of 675 actions detected
| 0:31 | Build | Town Center |
| 1:01 | Build | Dock |
| 1:35 | Build | House |
| 1:40 | Build | House |
| 2:49 | Create | Villager (Male) |
| 2:49 | Create | Villager (Male) |
| 2:52 | Create | Villager (Male) |
| 2:52 | Create | Villager (Male) |
| 3:52 | Create | Fishing Ship |
| 3:52 | Create | Fishing Ship |
| 4:04 | Create | Villager (Male) |
| 4:40 | Build | House |
| 4:48 | Create | Villager (Male) |
| 5:13 | Create | Villager (Male) |
| 5:38 | Create | Villager (Male) |
| 5:50 | Create | Fishing Ship |
| 5:51 | Create | Fishing Ship |
| 6:01 | Create | Villager (Male) |
| 6:34 | Create | Fishing Ship |
| 6:36 | Create | Villager (Male) |
| 6:37 | Create | Villager (Male) |
| 6:45 | Research | Loom |
| 6:50 | Build | House |
| 6:52 | Create | Villager (Male) |
| 6:56 | Create | Villager (Male) |
| 7:12 | Create | Villager (Male) |
| 7:38 | Create | Fishing Ship |
| 7:45 | Build | House |
| 7:58 | Create | Villager (Male) |
| 7:59 | Create | Villager (Male) |
| 7:59 | Create | Villager (Male) |
| 8:22 | Create | Fishing Ship |
| 8:28 | Create | Villager (Male) |
| 8:48 | Create | Villager (Male) |
| 9:11 | Create | Villager (Male) |
| 9:12 | Create | Fishing Ship |
| 9:20 | Create | Villager (Male) |
| 9:35 | Create | Fishing Ship |
| 9:37 | Build | House |
| 10:13 | Build | Mill |
| 10:42 | Create | Fishing Ship |
| 10:45 | Build | House |
| 11:09 | Build | House |
| 11:10 | Research | Feudal Age |
| 11:50 | Build | Dock |
| 13:04 | Build | Lumber Camp |
| 13:31 | Age | Feudal Age |
| 13:36 | Build | Blacksmith |
| 13:38 | Create | Villager (Male) |
| 13:49 | Build | Market |
| 13:53 | Create | Villager (Male) |
| 14:38 | Research | Castle Age |
| 14:45 | Build | Barracks |
| 14:50 | Research | Double-Bit Axe |
| 15:11 | Build | Mining Camp |
| 15:45 | Build | Archery Range |
| 15:53 | Research | Gold Mining |
| 16:06 | Research | Fletching |
| 16:34 | Build | Archery Range |
| 16:35 | Create | Archer |
| 16:55 | Create | Villager (Male) |
| 17:18 | Age | Castle Age |
| 17:19 | Create | Archer |
| 17:19 | Create | Archer |
| 17:26 | Research | Crossbowman (upgrade) |
| 17:36 | Build | Town Center |
| 17:37 | Create | Villager (Male) |
| 17:38 | Create | Villager (Male) |
| 17:47 | Create | Villager (Male) |
| 17:48 | Create | Archer |
| 17:49 | Create | Archer |
| 18:10 | Create | Villager (Male) |
| 18:18 | Create | Archer |
| 18:31 | Research | Bow Saw |
| 18:39 | Create | Archer |
| 18:47 | Build | House |
| 18:51 | Research | Town Watch |
| 19:22 | Build | House |
| 19:50 | Create | Villager (Male) |
| 19:52 | Create | Archer |
| 19:52 | Create | Archer |
| 19:53 | Research | Bodkin Arrow |
| 20:17 | Create | Villager (Male) |
| 20:17 | Create | Villager (Male) |
| 20:18 | Create | Archer |
| 20:19 | Create | Archer |
| 20:24 | Build | Town Center |
| 20:39 | Create | Villager (Male) |
| 20:43 | Create | Villager (Male) |
| 20:48 | Build | Mill |
| 21:10 | Create | Villager (Male) |
| 21:11 | Create | Archer |
| 21:12 | Create | Archer |
| 21:15 | Build | Outpost |
| 21:37 | Create | Archer |
| 21:37 | Create | Archer |
| 21:54 | Build | Outpost |
| 22:00 | Create | Villager (Male) |
| 22:03 | Create | Villager (Male) |
| 22:08 | Research | Horse Collar |
| 22:10 | Build | Farm |
| 22:22 | Build | Farm |
| 22:23 | Build | Farm |
| 22:24 | Create | Villager (Male) |
| 22:39 | Build | Mining Camp |
| 22:42 | Build | Outpost |
| 22:44 | Create | Villager (Male) |
| 22:56 | Create | Archer |
| 22:56 | Create | Archer |
| 22:57 | Create | Villager (Male) |
| 23:20 | Research | Padded Archer Armor |
| 23:37 | Create | Villager (Male) |
| 23:38 | Create | Archer |
| 23:38 | Create | Archer |
| 23:45 | Build | House |
| 23:48 | Build | House |
| 23:51 | Create | Villager (Male) |
| 23:54 | Build | Farm |
| 23:59 | Create | Villager (Male) |
| 24:02 | Research | Stone Mining |
| 24:10 | Build | Town Center |
| 24:32 | Build | Farm |
| 24:32 | Build | Farm |
| 24:32 | Build | Farm |
| 24:33 | Build | Farm |
| 24:33 | Build | Farm |
| 24:33 | Build | Farm |
| 24:33 | Build | Farm |
| 24:34 | Create | Villager (Male) |
| 24:37 | Research | Heavy Plow |
| 24:40 | Build | House |
| 24:40 | Build | House |
| 24:45 | Create | Villager (Male) |
| 24:48 | Build | University |
| 24:52 | Create | Villager (Male) |
| 25:15 | Create | Villager (Male) |
| 25:16 | Create | Archer |
| 25:16 | Create | Archer |
| 25:19 | Build | Farm |
| 25:30 | Create | Villager (Male) |
| 25:37 | Create | Villager (Male) |
| 25:42 | Create | Villager (Male) |
| 25:44 | Build | House |
| 26:15 | Build | Outpost |
| 26:18 | Create | Villager (Male) |
| 26:19 | Create | Archer |
| 26:19 | Create | Archer |
| 26:21 | Research | Leather Archer Armor |
| 26:22 | Create | Villager (Male) |
| 26:29 | Create | Fishing Ship |
Build order — 团团团子
First 150 of 647 actions detected
| 0:19 | Build | Town Center |
| 1:17 | Build | Dock |
| 2:38 | Create | Villager (Male) ×3 |
| 3:18 | Create | Fishing Ship |
| 3:19 | Create | Fishing Ship |
| 3:52 | Create | Villager (Male) |
| 4:06 | Build | House |
| 4:29 | Create | Villager (Male) |
| 4:30 | Create | Villager (Male) |
| 4:51 | Create | Villager (Male) |
| 4:57 | Create | Fishing Ship |
| 5:25 | Create | Villager (Male) |
| 5:25 | Create | Villager (Male) |
| 5:32 | Build | House |
| 6:12 | Create | Villager (Male) |
| 6:13 | Create | Villager (Male) |
| 6:15 | Create | Fishing Ship |
| 6:35 | Create | Villager (Male) |
| 6:35 | Create | Villager (Male) |
| 6:51 | Build | House |
| 6:57 | Create | Villager (Male) |
| 7:17 | Create | Fishing Ship |
| 7:37 | Create | Villager (Male) |
| 7:41 | Create | Fishing Ship |
| 7:45 | Create | Villager (Male) |
| 8:24 | Build | Lumber Camp |
| 8:27 | Build | House |
| 8:32 | Create | Villager (Male) |
| 8:32 | Create | Villager (Male) |
| 8:44 | Create | Fishing Ship |
| 9:09 | Build | House |
| 9:23 | Create | Villager (Male) |
| 9:24 | Create | Villager (Male) |
| 9:47 | Build | House |
| 9:51 | Build | Palisade Wall |
| 9:55 | Create | Fishing Ship |
| 10:27 | Research | Feudal Age |
| 10:27 | Research | Feudal Age |
| 10:36 | Build | Mining Camp |
| 10:44 | Create | Fishing Ship |
| 11:11 | Create | Villager (Male) |
| 11:43 | Build | Dock |
| 11:58 | Create | Fishing Ship |
| 12:07 | Build | Mill |
| 12:28 | Create | Villager (Male) |
| 12:37 | Age | Feudal Age |
| 12:46 | Build | Market |
| 12:49 | Create | Villager (Male) |
| 12:50 | Research | Double-Bit Axe |
| 12:50 | Research | Double-Bit Axe |
| 13:32 | Build | Blacksmith |
| 13:33 | Create | Villager (Male) |
| 13:38 | Build | Blacksmith |
| 13:44 | Create | Fishing Ship |
| 14:13 | Research | Tech 906 |
| 14:20 | Create | Villager (Male) |
| 14:21 | Create | Villager (Male) |
| 14:37 | Build | House |
| 14:44 | Build | Palisade Wall |
| 14:45 | Build | Palisade Wall |
| 14:47 | Build | Palisade Wall |
| 14:49 | Build | Palisade Wall |
| 15:09 | Build | Mining Camp |
| 15:16 | Create | Fishing Ship |
| 15:17 | Create | Fishing Ship |
| 15:25 | Research | Castle Age |
| 15:25 | Research | Castle Age |
| 16:06 | Create | Villager (Male) |
| 16:34 | Research | Stone Mining |
| 16:35 | Research | Stone Mining |
| 16:44 | Create | Demolition Raft |
| 16:44 | Create | Demolition Raft |
| 17:00 | Build | Dock |
| 17:23 | Create | Villager (Male) |
| 17:33 | Create | Fire Galley |
| 17:33 | Create | Fire Galley |
| 18:05 | Age | Castle Age |
| 18:11 | Create | Villager (Male) |
| 18:20 | Research | War Galley (upgrade) |
| 18:21 | Research | Gillnets |
| 18:46 | Create | Fire Galley |
| 18:46 | Create | Fire Galley |
| 18:48 | Create | Villager (Male) |
| 18:50 | Create | Villager (Male) |
| 19:15 | Create | Fire Galley |
| 19:32 | Create | Villager (Male) |
| 19:35 | Research | Bow Saw |
| 20:02 | Research | Tech 905 |
| 20:02 | Research | Tech 905 |
| 20:04 | Create | Fire Galley |
| 20:13 | Build | House |
| 20:31 | Research | Wheelbarrow |
| 20:33 | Research | Loom |
| 20:36 | Create | Villager (Male) |
| 20:44 | Build | Town Center |
| 21:10 | Create | Demolition Raft |
| 21:10 | Create | Demolition Raft |
| 21:23 | Create | Villager (Male) |
| 21:38 | Build | Castle |
| 22:11 | Research | Fletching |
| 22:11 | Research | Fletching |
| 22:14 | Research | Gold Mining |
| 22:17 | Create | Villager (Male) |
| 22:42 | Create | Villager (Male) |
| 22:44 | Research | Bodkin Arrow |
| 23:03 | Create | Demolition Raft |
| 23:04 | Create | Plumed Archer |
| 23:05 | Create | Plumed Archer |
| 23:12 | Create | Villager (Male) |
| 23:24 | Create | Plumed Archer |
| 23:25 | Create | Plumed Archer |
| 23:28 | Create | Villager (Male) ×5 |
| 23:31 | Create | Villager (Male) |
| 23:34 | Create | Villager (Male) |
| 23:44 | Build | Town Center |
| 23:58 | Create | Demolition Raft |
| 24:05 | Create | Villager (Male) |
| 24:06 | Create | Plumed Archer |
| 24:06 | Create | Plumed Archer |
| 24:17 | Create | Villager (Male) |
| 24:23 | Create | Plumed Archer |
| 24:24 | Create | Plumed Archer |
| 24:30 | Create | Villager (Male) |
| 24:39 | Create | Villager (Male) |
| 24:43 | Build | Lumber Camp |
| 25:09 | Research | Padded Archer Armor |
| 25:09 | Research | Padded Archer Armor |
| 25:10 | Create | Villager (Male) |
| 25:11 | Create | Villager (Male) |
| 25:12 | Create | Villager (Male) |
| 25:12 | Create | Villager (Male) |
| 25:23 | Create | Villager (Male) |
| 25:27 | Create | Plumed Archer |
| 25:28 | Create | Plumed Archer |
| 25:28 | Create | Plumed Archer |
| 25:30 | Create | Villager (Male) |
| 25:34 | Build | University |
| 25:49 | Create | Plumed Archer |
| 25:59 | Research | Leather Archer Armor |
| 25:59 | Research | Leather Archer Armor |
| 26:01 | Create | Plumed Archer |
| 26:10 | Create | Villager (Male) |
| 26:24 | Research | Ballistics |
| 26:24 | Research | Ballistics |
| 26:24 | Research | Ballistics |
| 26:32 | Create | Fishing Ship |
| 26:42 | Create | Plumed Archer |
| 26:50 | Create | Villager (Male) |
| 27:16 | Build | Farm |
| 27:17 | Build | Farm |
Build order — scorpion145
First 150 of 739 actions detected
| 0:31 | Build | Town Center |
| 0:46 | Build | Dock |
| 0:47 | Build | House |
| 2:55 | Create | Villager (Male) |
| 2:56 | Create | Villager (Male) |
| 2:56 | Create | Villager (Male) |
| 2:56 | Create | Villager (Male) |
| 2:56 | Create | Villager (Male) |
| 3:50 | Create | Villager (Male) |
| 3:56 | Create | Fishing Ship |
| 4:06 | Research | Loom |
| 4:15 | Create | Villager (Male) |
| 4:15 | Create | Villager (Male) |
| 4:50 | Create | Villager (Male) |
| 5:04 | Build | House |
| 5:09 | Create | Villager (Male) |
| 5:38 | Create | Villager (Male) |
| 6:02 | Create | Villager (Male) |
| 6:04 | Create | Fishing Ship |
| 6:04 | Create | Fishing Ship |
| 6:24 | Create | Villager (Male) |
| 6:24 | Create | Villager (Male) |
| 6:28 | Create | Villager (Male) |
| 6:42 | Create | Fishing Ship |
| 6:53 | Build | House |
| 7:07 | Create | Fishing Ship |
| 7:22 | Create | Villager (Male) |
| 7:22 | Create | Villager (Male) |
| 7:23 | Create | Villager (Male) |
| 7:31 | Build | House |
| 7:58 | Create | Fishing Ship |
| 8:05 | Create | Villager (Male) |
| 8:09 | Create | Villager (Male) |
| 8:43 | Create | Villager (Male) |
| 8:43 | Create | Villager (Male) |
| 8:45 | Create | Fishing Ship |
| 8:49 | Build | House |
| 9:30 | Create | Villager (Male) |
| 9:40 | Build | Lumber Camp |
| 10:13 | Research | Feudal Age |
| 10:13 | Research | Feudal Age |
| 11:12 | Create | Villager (Male) |
| 11:13 | Create | Villager (Male) |
| 11:30 | Build | Dock |
| 11:44 | Build | House |
| 12:26 | Age | Feudal Age |
| 12:28 | Create | Unit 2626 |
| 12:28 | Create | Unit 2626 |
| 12:33 | Create | Fire Galley |
| 12:33 | Create | Fire Galley |
| 12:38 | Build | Dock |
| 12:41 | Create | Villager (Male) |
| 12:54 | Create | Villager (Male) |
| 13:00 | Research | Double-Bit Axe |
| 13:09 | Build | House |
| 13:32 | Create | Fire Galley |
| 13:32 | Create | Fire Galley |
| 13:41 | Create | Villager (Male) |
| 13:54 | Create | Unit 2626 |
| 13:54 | Create | Unit 2626 |
| 13:54 | Create | Unit 2626 |
| 14:10 | Create | Villager (Male) |
| 14:27 | Create | Villager (Male) |
| 14:35 | Create | Villager (Male) |
| 15:05 | Create | Fire Galley |
| 15:05 | Create | Fire Galley |
| 15:06 | Create | Fire Galley |
| 15:07 | Create | Villager (Male) |
| 15:13 | Build | House |
| 15:14 | Build | House |
| 15:34 | Create | Villager (Male) |
| 15:36 | Build | House |
| 15:37 | Build | House |
| 16:14 | Create | Unit 2626 |
| 16:14 | Create | Unit 2626 |
| 16:17 | Create | Villager (Male) |
| 16:17 | Create | Villager (Male) |
| 16:26 | Create | Villager (Male) |
| 16:26 | Create | Villager (Male) |
| 16:33 | Create | Villager (Male) |
| 16:35 | Create | Villager (Male) |
| 16:36 | Create | Villager (Male) |
| 16:40 | Create | Unit 2626 |
| 16:40 | Create | Unit 2626 |
| 16:40 | Create | Unit 2626 |
| 16:42 | Create | Villager (Male) |
| 16:42 | Create | Villager (Male) |
| 16:52 | Build | House |
| 16:55 | Build | Blacksmith |
| 17:06 | Create | Villager (Male) |
| 17:06 | Create | Villager (Male) |
| 17:13 | Create | Fire Galley |
| 17:13 | Create | Fire Galley |
| 17:14 | Create | Villager (Male) |
| 17:14 | Create | Villager (Male) |
| 17:29 | Build | House |
| 17:35 | Create | Villager (Male) |
| 17:35 | Create | Villager (Male) |
| 17:46 | Build | Mill |
| 18:27 | Create | Fire Galley |
| 18:27 | Create | Fire Galley |
| 18:32 | Create | Villager (Male) |
| 19:17 | Build | Market |
| 19:36 | Create | Fishing Ship |
| 19:36 | Create | Fishing Ship |
| 19:36 | Create | Fishing Ship |
| 19:39 | Research | Tech 906 |
| 20:00 | Research | Castle Age |
| 20:01 | Research | Castle Age |
| 20:07 | Build | Lumber Camp |
| 20:15 | Create | Unit 2626 |
| 20:15 | Create | Unit 2626 |
| 20:15 | Create | Unit 2626 |
| 20:57 | Build | House |
| 21:07 | Create | Unit 2626 |
| 21:07 | Create | Unit 2626 |
| 21:08 | Create | Villager (Male) |
| 21:09 | Create | Villager (Male) |
| 21:34 | Create | Unit 2626 |
| 21:34 | Create | Unit 2626 |
| 22:12 | Create | Unit 2626 |
| 22:12 | Create | Unit 2626 |
| 22:31 | Create | Fire Galley |
| 22:31 | Create | Fire Galley |
| 22:31 | Create | Fire Galley |
| 22:32 | Create | Villager (Male) |
| 22:33 | Create | Villager (Male) |
| 22:55 | Age | Castle Age |
| 23:04 | Research | War Galley (upgrade) |
| 23:10 | Research | Forging |
| 23:15 | Create | Villager (Male) |
| 23:20 | Build | Town Center |
| 23:22 | Research | Bow Saw |
| 23:40 | Create | Fishing Ship |
| 23:40 | Create | Fishing Ship |
| 23:40 | Create | Fishing Ship |
| 23:43 | Create | Villager (Male) |
| 23:43 | Create | Villager (Male) |
| 24:13 | Create | Villager (Male) |
| 24:17 | Build | University |
| 24:22 | Build | Mining Camp |
| 24:24 | Build | Lumber Camp |
| 24:46 | Create | Unit 2626 |
| 24:46 | Create | Unit 2626 |
| 24:48 | Create | Fire Galley |
| 24:48 | Create | Fire Galley |
| 24:57 | Build | House |
| 25:09 | Build | House |
| 25:10 | Build | House |
| 25:17 | Research | Careening |
Match timeline
| 0:27 | hK | AnubiS · first_building Dock |
| 0:29 | eloysuarez93 · first_building Dock |
| 0:41 | MoJRiM · first_building Dock |
| 0:46 | scorpion145 · first_building Dock |
| 1:01 | BehCoY · first_building Dock |
| 1:17 | 团团团子 · first_building Dock |
| 1:42 | [Stomp] Snakad · first_building Dock |
| 2:03 | hK | AnubiS · wall_segment Palisade Wall x1 |
| 2:04 | hK | AnubiS · wall_segment Palisade Wall x1 |
| 2:40 | Jero Ponce III · first_building Dock |
| 4:17 | hK | AnubiS · wall_segment Palisade Wall x1 |
| 7:10 | Jero Ponce III · wall_segment Palisade Wall x1 |
| 9:51 | 团团团子 · wall_segment Palisade Wall x1 |
| 10:30 | hK | AnubiS · wall_segment Palisade Wall x1 |
| 10:32 | hK | AnubiS · wall_segment Palisade Wall x1 |
| 10:49 | MoJRiM · wall_segment Palisade Wall x1 |
| 10:55 | MoJRiM · wall_segment Palisade Wall x2 |
| 11:00 | Jero Ponce III · wall_segment Palisade Wall x2 |
| 11:01 | Jero Ponce III · wall_segment Palisade Wall x7 |
| 11:08 | MoJRiM · age_up feudal |
| 11:35 | hK | AnubiS · age_up feudal |
| 11:39 | Jero Ponce III · wall_segment Palisade Wall x1 |
| 12:12 | Jero Ponce III · wall_segment Palisade Wall x7 |
| 12:26 | scorpion145 · age_up feudal |
| 12:37 | 团团团子 · age_up feudal |
| 13:01 | eloysuarez93 · age_up feudal |
| 13:07 | Jero Ponce III · wall_segment Palisade Wall x5 |
| 13:11 | Jero Ponce III · wall_segment Palisade Wall x3 |
| 13:12 | [Stomp] Snakad · age_up feudal |
| 13:18 | Jero Ponce III · wall_segment Palisade Wall x7 |
| 13:19 | MoJRiM · wall_segment Palisade Wall x12 |
| 13:20 | MoJRiM · wall_segment Palisade Wall x1 |
| 13:22 | Jero Ponce III · wall_segment Palisade Wall x8 |
| 13:31 | BehCoY · age_up feudal |
| 14:10 | [Stomp] Snakad · first_market_sell 100 wood |
| 14:44 | 团团团子 · wall_segment Palisade Wall x4 |
| 14:45 | BehCoY · first_building Barracks |
| 14:45 | 团团团子 · wall_segment Palisade Wall x1 |
| 14:47 | 团团团子 · wall_segment Palisade Wall x1 |
| 14:49 | 团团团子 · wall_segment Palisade Wall x4 |
| 14:57 | Jero Ponce III · age_up feudal |
| 14:59 | 团团团子 · first_market_buy 100 food |
| 15:45 | BehCoY · first_building Archery Range |
| 17:05 | [Stomp] Snakad · age_up castle |
| 17:18 | BehCoY · age_up castle |
| 18:05 | 团团团子 · age_up castle |
| 18:18 | 团团团子 · first_market_sell 100 food |
| 18:31 | MoJRiM · first_market_buy 100 food |
| 18:32 | MoJRiM · first_market_sell 100 wood |
| 18:52 | Jero Ponce III · age_up castle |
| 19:09 | eloysuarez93 · first_market_buy 100 food |
| 19:12 | Jero Ponce III · first_building Castle |
| 20:06 | hK | AnubiS · first_market_buy 100 wood |
| 20:22 | MoJRiM · age_up castle |
| 21:38 | 团团团子 · first_building Castle |
| 22:55 | scorpion145 · age_up castle |
| 22:55 | BehCoY · first_market_buy 100 food |
| 23:18 | Jero Ponce III · first_market_buy 100 food |
| 23:36 | eloysuarez93 · age_up castle |
| 23:57 | Jero Ponce III · first_market_sell 100 stone |
| 24:32 | hK | AnubiS · age_up castle |
| 24:53 | hK | AnubiS · first_market_sell 100 food |
| 25:11 | [Stomp] Snakad · first_market_buy 100 stone |
| 26:09 | MoJRiM · first_building Monastery |
| 28:24 | hK | AnubiS · wall_segment Palisade Wall x1 |
| 28:29 | hK | AnubiS · wall_segment Palisade Wall x1 |
| 28:30 | hK | AnubiS · wall_segment Palisade Wall x1 |
| 28:40 | scorpion145 · first_market_buy 100 wood |
| 28:42 | scorpion145 · first_building Siege Workshop |
| 29:22 | eloysuarez93 · first_building Castle |
| 29:28 | Jero Ponce III · first_building Siege Workshop |
| 30:31 | hK | AnubiS · first_building Castle |
| 30:34 | BehCoY · first_building Castle |
| 30:49 | MoJRiM · first_building Castle |
| 31:00 | eloysuarez93 · first_building Barracks |
| 31:02 | 团团团子 · first_building Siege Workshop |
| 31:09 | [Stomp] Snakad · first_building Siege Workshop |
| 31:36 | MoJRiM · first_building Barracks |
| 32:26 | [Stomp] Snakad · first_building Castle |
| 32:40 | [Stomp] Snakad · first_building Barracks |
| 32:40 | eloysuarez93 · first_building Stable |
| 32:51 | hK | AnubiS · first_building Siege Workshop |
| 33:00 | MoJRiM · age_up imperial |
| 33:05 | Jero Ponce III · wall_segment Stone Wall x1 |
| 33:08 | Jero Ponce III · wall_segment Stone Wall x7 |
| 33:18 | Jero Ponce III · wall_segment Stone Wall x1 |
| 33:22 | Jero Ponce III · wall_segment Stone Wall x8 |
| 33:31 | Jero Ponce III · wall_segment Stone Wall x8 |
| 33:46 | [Stomp] Snakad · first_building Archery Range |
| 34:01 | Jero Ponce III · first_building Barracks |
| 35:01 | 团团团子 · first_building Monastery |
| 35:18 | scorpion145 · first_building Castle |
| 35:29 | Jero Ponce III · age_up imperial |
| 35:32 | [Stomp] Snakad · age_up imperial |
| 35:41 | BehCoY · age_up imperial |
| 36:10 | Jero Ponce III · first_building Archery Range |
| 36:21 | eloysuarez93 · first_building Siege Workshop |
| 36:27 | hK | AnubiS · first_building Barracks |
| 36:50 | 团团团子 · first_building Barracks |
| 36:50 | eloysuarez93 · first_building Archery Range |
| 36:55 | eloysuarez93 · age_up imperial |
| 36:58 | MoJRiM · first_building Siege Workshop |
| 37:34 | hK | AnubiS · first_building Archery Range |
| 38:26 | hK | AnubiS · age_up imperial |
| 39:14 | 团团团子 · age_up imperial |
| 39:40 | scorpion145 · wall_segment Palisade Wall x1 |
| 39:56 | eloysuarez93 · first_market_sell 100 food |
| 40:09 | MoJRiM · first_building Archery Range |
| 40:47 | hK | AnubiS · tribute_sent a jugador 2 |
| 40:47 | hK | AnubiS · tribute_sent a jugador 3 |
| 40:47 | hK | AnubiS · tribute_sent a jugador 4 |
| 40:47 | hK | AnubiS · tribute_sent a jugador 5 |
| 40:47 | hK | AnubiS · tribute_sent a jugador 6 |
| 40:47 | hK | AnubiS · tribute_sent a jugador 7 |
| 40:47 | hK | AnubiS · tribute_sent a jugador 8 |
| 41:09 | Jero Ponce III · resign |
| 44:32 | hK | AnubiS · wall_segment Stone Wall x3 |
| 46:33 | 团团团子 · tribute_sent a jugador 1 |
| 46:33 | 团团团子 · tribute_sent a jugador 2 |
| 46:33 | 团团团子 · tribute_sent a jugador 3 |
| 46:33 | 团团团子 · tribute_sent a jugador 4 |
| 46:33 | 团团团子 · tribute_sent a jugador 5 |
| 46:33 | 团团团子 · tribute_sent a jugador 6 |
| 46:33 | 团团团子 · tribute_sent a jugador 8 |
| 49:16 | 团团团子 · first_building Archery Range |
| 53:49 | scorpion145 · first_building Barracks |
| 54:00 | [Stomp] Snakad · tribute_sent a jugador 1 |
| 54:00 | [Stomp] Snakad · tribute_sent a jugador 3 |
| 54:00 | [Stomp] Snakad · tribute_sent a jugador 4 |
| 54:00 | [Stomp] Snakad · tribute_sent a jugador 5 |
| 54:00 | [Stomp] Snakad · tribute_sent a jugador 6 |
| 54:00 | [Stomp] Snakad · tribute_sent a jugador 7 |
| 54:00 | [Stomp] Snakad · tribute_sent a jugador 8 |
| 54:17 | scorpion145 · first_building Monastery |
| 58:15 | scorpion145 · age_up imperial |
| 61:53 | 团团团子 · tribute_sent a jugador 1 |
| 61:53 | 团团团子 · tribute_sent a jugador 2 |
| 61:53 | 团团团子 · tribute_sent a jugador 3 |
| 61:53 | 团团团子 · tribute_sent a jugador 4 |
| 61:53 | 团团团子 · tribute_sent a jugador 5 |
| 61:53 | 团团团子 · tribute_sent a jugador 6 |
| 61:53 | 团团团子 · tribute_sent a jugador 8 |
| 63:23 | [Stomp] Snakad · tribute_sent a jugador 1 |
| 63:23 | [Stomp] Snakad · tribute_sent a jugador 3 |
| 63:23 | [Stomp] Snakad · tribute_sent a jugador 4 |
| 63:23 | [Stomp] Snakad · tribute_sent a jugador 5 |
| 63:23 | [Stomp] Snakad · tribute_sent a jugador 6 |
| 63:23 | [Stomp] Snakad · tribute_sent a jugador 7 |
| 63:23 | [Stomp] Snakad · tribute_sent a jugador 8 |
| 64:05 | scorpion145 · first_market_sell 100 wood |
| 66:39 | hK | AnubiS · wall_segment Stone Wall x1 |
| 66:40 | hK | AnubiS · wall_segment Stone Wall x1 |
| 66:42 | hK | AnubiS · wall_segment Stone Wall x1 |
| 66:43 | hK | AnubiS · wall_segment Stone Wall x1 |
| 66:44 | hK | AnubiS · wall_segment Stone Wall x1 |
| 66:46 | hK | AnubiS · wall_segment Stone Wall x1 |
| 67:07 | MoJRiM · tribute_sent a jugador 1 |
| 67:07 | MoJRiM · tribute_sent a jugador 2 |
| 67:07 | MoJRiM · tribute_sent a jugador 3 |
| 67:07 | MoJRiM · tribute_sent a jugador 5 |
| 67:07 | MoJRiM · tribute_sent a jugador 6 |
| 67:07 | MoJRiM · tribute_sent a jugador 7 |
| 67:07 | MoJRiM · tribute_sent a jugador 8 |
| 67:11 | [Stomp] Snakad · tribute_sent a jugador 1 |
| 67:11 | [Stomp] Snakad · tribute_sent a jugador 3 |
| 67:11 | [Stomp] Snakad · tribute_sent a jugador 4 |
| 67:11 | [Stomp] Snakad · tribute_sent a jugador 5 |
| 67:11 | [Stomp] Snakad · tribute_sent a jugador 6 |
| 67:11 | [Stomp] Snakad · tribute_sent a jugador 7 |
| 67:11 | [Stomp] Snakad · tribute_sent a jugador 8 |
| 67:15 | scorpion145 · tribute_sent a jugador 1 |
| 67:15 | scorpion145 · tribute_sent a jugador 2 |
| 67:15 | scorpion145 · tribute_sent a jugador 3 |
| 67:15 | scorpion145 · tribute_sent a jugador 4 |
| 67:15 | scorpion145 · tribute_sent a jugador 5 |
| 67:15 | scorpion145 · tribute_sent a jugador 6 |
| 67:15 | scorpion145 · tribute_sent a jugador 7 |
| 68:22 | hK | AnubiS · first_building Monastery |
| 71:50 | BehCoY · first_market_sell 500 stone |
| 76:32 | scorpion145 · tribute_sent a jugador 1 |
| 76:32 | scorpion145 · tribute_sent a jugador 2 |
| 76:32 | scorpion145 · tribute_sent a jugador 3 |
| 76:32 | scorpion145 · tribute_sent a jugador 4 |
| 76:32 | scorpion145 · tribute_sent a jugador 5 |
| 76:32 | scorpion145 · tribute_sent a jugador 6 |
| 76:32 | scorpion145 · tribute_sent a jugador 7 |
[ AI ANALYSIS · 1 CREDIT ]
What really happened in this match?
Wolo.gg analyzes every decision: build order, eco, micro, common mistakes by bracket. Personalized analysis on WhatsApp or Discord in 30 seconds.
Civ guide
Malay
Perfil
Jugador #5695023